 Dungeon Crawl Stone Soup version 0.29.1-1-gd02db6906a (webtiles) character file.

Game seed: 12513155024246277224

12 lonewolfV2 the Trooper (level 2, 0/27 HPs)
             Began as a Hill Orc Fighter on Oct 18, 2022.
             Succumbed to a kobold's poison
             ... on level 1 of the Dungeon.
             The game lasted 00:00:33 (176 turns).

lonewolfV2 the Trooper (Hill Orc Fighter)            Turns: 176, Time: 00:00:33

Health: 0/27       AC:  6    Str: 18    XL:     2   Next: 33%
Magic:  2/2        EV:  9    Int:  8    God:
Gold:   7          SH:  4    Dex: 10    Spells: 1/1 levels left

rFire   . . .      SeeInvis .   a - +0 war axe
rCold   . . .      Faith    .   c - +0 buckler
rNeg    . . .      Spirit   .   b - +0 scale mail
rPois   .          Reflect  .   (no helmet)
rElec   .          Harm     .   (no cloak)
rCorr   .          Rampage  .   (no gloves)
Will    .....                   (no boots)
Stlth   ..........              (no amulet)
HPRegen 0.09/turn               (no ring)
MPRegen 0.08/turn               (no ring)

@: lethally poisoned (0 -> -15)
A: no striking features
a: no special abilities


You were on level 1 of the Dungeon.
You visited 1 branch of the dungeon, and saw 1 of its levels.

You collected 7 gold pieces.

Inventory:

Hand Weapons
 a - a +0 war axe (weapon)
Armour
 b - a +0 scale mail (worn)
 c - a +0 buckler (worn)
Potions
 d - a potion of might


   Skills:
 * Level 4.0 Fighting
 + Level 3.0 Axes
 + Level 3.4 Armour
 + Level 3.4 Shields


You had one spell level left.
You didn't know any spells.
Your spell library was empty.

Dungeon Overview and Level Annotations

Branches:
Dungeon (1/15)

Altars:


Message History

The giant cockroach barely misses you.
You barely miss the giant cockroach.
The giant cockroach bites you but does no damage.
You closely miss the giant cockroach.
The giant cockroach completely misses you.
The giant cockroach barely misses you.
You hit the giant cockroach but do no damage.
You block the giant cockroach's attack. The giant cockroach bites you.
You slash the giant cockroach!
You kill the giant cockroach!
Your Fighting skill increases to level 4!
Your Axes skill increases to level 3!
A goblin comes into view. It is wielding a +0 club.
The goblin shouts!
You hear a shout!
A kobold comes into view. It is wielding a +1 dagger of venom.
There are monsters nearby!
There are monsters nearby!
Found a cloak.
A goblin comes into view. It is wielding a +0 dagger.
A rat comes into view.
Things that are here:
a +0 dagger; a +0 dagger; a goblin corpse The goblin hits you but does no damage.
You hit the goblin.
You kill the goblin!
You barely miss the kobold.
The kobold hits you with a +1 dagger of venom.
You are poisoned.
The kobold hits you with a +1 dagger of venom.
You are more poisoned.
The rat bites you but does no damage.
You completely miss the kobold. You barely miss the rat.
* * * LOW HITPOINT WARNING * * *
You feel very sick. You block the kobold's attack.
The rat bites you but does no damage.
You hit the kobold.
You kill the kobold!
You slash the rat!
You kill the rat!
You die...

...# .......##.
###...# .[...>..
###.....# ...K..
#.....# .... ##....#
..# #<÷..# #######.#
#÷...### ##.†)....##
#......###...).....#..
###..@).....##:.......
###.†÷..÷.##.....#..
##.....[##....##..
#..##..##!...# .
#..##..##....#
#......##.....#
########........
......... ##########


There were no monsters in sight!

Vanquished Creatures
  2 endoplasms (D:1)
  A giant cockroach (D:1)
  4 goblins (D:1)
  2 ball pythons (D:1)
  A bat (D:1)
  A kobold (D:1)
  3 rats (D:1)
14 creatures vanquished.

Notes
Turn   | Place    | Note
-------+----------+-------------------------------------------
     0 | D:1      | lonewolfV2 the Hill Orc Fighter began the quest for the
                  | Orb.
     0 | D:1      | Reached XP level 1. HP: 19/19 MP: 1/1
    77 | D:1      | Reached XP level 2. HP: 11/27 MP: 2/2
   155 | D:1      | Reached skill level 4 in Fighting
   176 | D:1      | Succumbed to a kobold's poison

Illustrated notes

Levels and vault maps discovered:
D:1:      amcnicky_arrival_wind_blow, layout_basic,
          hellmonk_ecumenical_altar_zigzags, minmay_three_crescents

Skill      XL: |  1  2 |
---------------+-------+-----
Fighting       | 4 |  4.0
Axes           | 3 |  3.0
Armour         | |  3.4
Shields        | |  3.4

Action                   || total
-------------------------++-------
Melee: War axe           ||    27
Armor: Scale mail        ||    23
Dodge: Dodged            ||    21
Block: Buckler           ||    14
